 Dungeon Crawl Stone Soup version 0.21.0 (webtiles) character file.

511 inmateoo the Chopper (level 7, -2/79 HPs)
             Began as a Formicid Wanderer on Jan 6, 2018.
             Splashed by a jelly's acid (4 damage)
             ... on level 4 of the Dungeon.
             The game lasted 00:04:38 (4424 turns).

inmateoo the Chopper (Formicid Wanderer)            Turns: 4424, Time: 00:04:38

Health: -2/79      AC: 15    Str: 20    XL:     7   Next: 43%
Magic:  7/7        EV:  2    Int: 13    God:
Gold:   225        SH:  0    Dex: 11    Spells: 6/6 levels left

rFire    . . .     SeeInvis .   a - +2 hand axe
rCold    . . .     Gourm    .   (no shield)
rNeg     + + +     Faith    .   (armour currently unavailable)
rPois    +         Spirit   .   (helmet unavailable)
rElec    .         Reflect  .   (cloak currently unavailable)
rCorr    .         Harm     .   (gloves currently unavailable)
MR       .....                  (boots currently unavailable)
Stlth    +.........             n - amulet of magic regeneration
HPRegen  0.23/turn              j - +4 ring of intelligence
MPRegen  0.35/turn              r - +4 ring of protection

@: tree-form, corroded
A: permanent stasis, dig shafts and tunnels, four strong arms
a: no special abilities


You were on level 4 of the Dungeon.
You were hungry.
You were a tree.
You visited 2 branches of the dungeon, and saw 6 of its levels.

You collected 225 gold pieces.

Inventory:

Hand Weapons
 a - a +2 hand axe (weapon)
 b - a +0 shortbow
 o - a +0 hand axe of chopping
Missiles
 c - 58 arrows
Armour
 d - a +0 ring mail of poison resistance (melded)
Jewellery
 j - a +4 ring of intelligence (left branch)
 n - an amulet of magic regeneration (around neck)
 r - a +4 ring of protection (right branch)
Wands
 e - a wand of disintegration (19)
 h - a wand of digging (12)
Scrolls
 g - 2 scrolls of remove curse
 m - 2 scrolls of identify
 p - a scroll of random uselessness {unknown}
Potions
 k - a potion of might {unknown}
 l - 3 potions of curing
 q - a potion of agility {unknown}
 t - a potion of brilliance {unknown}
Comestibles
 f - 12 rations


   Skills:
 + Level 3.9 Fighting
 * Level 6.0 Axes
 - Level 1.0 Bows
 + Level 5.4 Armour
   Level 1.2 Shields
 - Level 1.1 Evocations


You had 6 spell levels left.
You didn't know any spells.

Dungeon Overview and Level Annotations

Branches:
Dungeon (5/15)             Temple (1/1) D:4

Altars:
Ashenzari
Cheibriados
Elyvilon
Fedhas
Kikubaaqudgha
Makhleb
Nemelex Xobeh
Okawaru
Qazlal
Uskayaw
Vehumet
Wu Jian
Xom
Zin


Innate Abilities, Weirdness & Mutations

You cannot be hasted, slowed, berserked, paralysed or teleported.
You can dig through walls and to a lower floor.
Your four strong arms can wield two-handed weapons with a shield.
((You have a pair of large antennae on your head. (SInv)))


Message History

The jelly is heavily wounded.
The jelly hits you.
You are splashed with acid!
The acid burns!
There is an escape hatch in the floor here.
There is a stone staircase leading up here.
The jelly hits you.
You are splashed with acid!
The acid burns!
* * * LOW HITPOINT WARNING * * *
You climb upwards.
There is a stone staircase leading down here.
You turn into a tree.
Your +0 ring mail of poison resistance melds into your body.
Your roots penetrate the ground.
The jelly hits you but does no damage.
You hit the jelly but do no damage.
Your branches burn!
* * * LOW HITPOINT WARNING * * *
The jelly is heavily wounded.
The jelly hits you.
* * * LOW HITPOINT WARNING * * *
You are splashed with acid!
The acid burns!
* * * LOW HITPOINT WARNING * * *
You hit the jelly but do no damage.
Your branches burn!
You die...

###############
#.....#.......#
#.###.###.###.# #.# #.# #.#
#.# #.# #.###.# #.# #.#
#.....# #.#
########.###########.#
........[.......♣..[.#######
########.......J...........#
#########........#########.#
...................# #.#
.####............#.#######.#
.# #................#...#.#
.# #................#.#.#.#
.# #................#.#.#.#
.# #................#.#.#.#


You could see a jelly.

Vanquished Creatures
  A phantom (D:4)
  An orc priest (D:5)
  2 orc wizards (D:5)
  A bullfrog skeleton (D:4)
  Ijyb (D:3)
  Terence (D:3)
  2 worker ants (D:4)
  Robin (D:3)
  3 gnolls (D:5)
  7 adders
  An ooze (D:4)
  An adder skeleton (D:4)
  3 worms (D:2)
  A dart slug (D:2)
  5 leopard geckos
  2 orcs
  A ball python (D:2)
  7 giant cockroaches
  15 goblins
  9 hobgoblins
  A quokka (D:2)
  6 bats
  13 frilled lizards
  5 kobolds
  A leopard gecko skeleton (D:4)
  2 quokka skeletons
  5 rats
98 creatures vanquished.

Notes
Turn   | Place    | Note
-------+----------+-------------------------------------------
     0 | D:1      | inmateoo the Formicid Wanderer began the quest for the Orb.
     0 | D:1      | inmateoo set off with: a +2 hand axe, a +0 shortbow, 25 arrows, a potion of curing, a +0 robe, a ration
     0 | D:1      | Reached XP level 1. HP: 16/16 MP: 1/1
    49 | D:1      | Reached XP level 2. HP: 10/22 MP: 2/2
    50 | D:1      | Reached skill level 2 in Axes
   942 | D:2      | Reached XP level 3. HP: 17/27 MP: 3/3
  1064 | D:2      | HP: 1/27 [hobgoblin (4)]
  1355 | D:2      | Reached skill level 3 in Axes
  1560 | D:2      | Reached XP level 4. HP: 24/33 MP: 4/4
  2043 | D:3      | Reached skill level 4 in Axes
  2205 | D:3      | Reached XP level 5. HP: 37/39 MP: 5/5
  2257 | D:3      | Found an iron altar of Okawaru.
  2263 | D:3      | Noticed Robin
  2296 | D:3      | Killed Robin
  2423 | D:3      | Found a stormy altar of Qazlal.
  2472 | D:3      | Noticed Terence
  2488 | D:3      | Killed Terence
  2498 | D:3      | Noticed Ijyb
  2529 | D:3      | Killed Ijyb
  2769 | D:3      | Reached XP level 6. HP: 43/46 MP: 6/6
  3063 | D:4      | Found a radiant altar of Vehumet.
  3069 | D:4      | Reached skill level 5 in Axes
  3251 | D:4      | Found a blossoming altar of Fedhas.
  3258 | D:4      | Found a staircase to the Ecumenical Temple.
  3283 | Temple   | Entered the Ecumenical Temple
  3344 | D:4      | Reached skill level 5 in Armour
  3497 | D:4      | Noticed a phantom
  3537 | D:4      | Killed a phantom
  3537 | D:4      | Reached XP level 7. HP: 44/52 MP: 7/7
  3970 | D:5      | Entered Level 5 of the Dungeon
  4233 | D:5      | Reached skill level 6 in Axes
  4423 | D:4      | HP: 2/79 [acid (10)]
  4424 | D:4      | Splashed by a jelly's acid

Skill      XL: |  1  2  3  4  5  6  7 |
---------------+----------------------+-----
Axes           | 2 3 4 5 6 |  6.0
Fighting       | 3 |  3.9
Armour         | 5 |  5.4
Bows           | |  1.0
Shields        | |  1.2
Evocations     | |  1.1

Action                   |  1- 3 |  4- 6 |  7- 9 || total
-------------------------+-------+-------+-------++-------
Melee: Hand axe          |    91 |   209 |    67 ||   367
 Abil: Dig               |       |     1 |     1 ||     2
  Use: Potion            |     1 |       |     1 ||     2
       Scroll            |       |     6 |       ||     6
  Eat: Chunk             |     2 |     6 |     3 ||    11
Armor: Robe              |    13 |       |       ||    13
       Ring mail         |     9 |    67 |    29 ||   105
       Skin              |       |       |     1 ||     1
Dodge: Dodged            |    57 |    91 |    26 ||   174
